 Dungeon Crawl Stone Soup version 0.19.5 (webtiles) character file.

135065 sveltemanboy the Fencer (level 16, -12/125 HPs)
             Began as a Demonspawn Gladiator on Mar 27, 2017.
             Was the Champion of Ashenzari.
             Mangled by a jumping spider (15 damage)
             ... on level 3 of the Spider Nest on Mar 28, 2017.
             The game lasted 01:52:41 (33723 turns).

sveltemanboy the Fencer (Demonspawn Gladiator)     Turns: 33723, Time: 01:52:42

Health: -12/125    AC: 15    Str: 17    XL:     16   Next: 63%
Magic:  26/26      EV: 10    Int: 16    God:    Ashenzari [******]
Gold:   2226       SH:  0    Dex: 17    Spells: 2 memorised, 13 levels left

rFire  + . .     SeeInvis +     h - +2 demon blade (vamp)
rCold  + . .     Gourm    .     n - +0 troll leather armour (curse)
rNeg   . . .     Faith    .     M - +1 buckler (curse)
rPois  +         Spirit   .     (helmet restricted)
rElec  +         Reflect  +     w - +2 cloak {rC+} (curse)
rCorr  .         Harm     .     H - +0 pair of gloves (curse)
MR     +....     Clarity  +     i - +2 pair of boots {run} (curse)
Stlth  +++++++++.               a - amulet "Gull" {Reflect rElec SH+3} (curse)
                                G - ring of wizardry
                                W - ring of stealth

@: lethally poisoned (-12 -> -28), held, quick
A: beak, claws 2, hooves 1, iridescent scales 1, agile 1, clever 1, fire
resistance 1, nightstalker 3, poison resistance, spiny 3
a: Curse Item, Scrying, Transfer Knowledge, Renounce Religion


You were on level 3 of the Spider Nest.
You worshipped Ashenzari.
Ashenzari was exalted by your worship.
You were not hungry.

You visited 5 branches of the dungeon, and saw 26 of its levels.
You also visited: Ossuary and Ice Cave.

You collected 2772 gold pieces.
You spent 546 gold pieces at shops.

Inventory:

Hand Weapons
 h - a +2 vampiric demon blade (weapon)
 j - a +2 triple sword of slicing
Armour
 i - a cursed +2 pair of boots of running (worn)
 n - a cursed +0 troll leather armour (worn)
 w - a cursed +2 cloak of cold resistance (worn)
 H - a cursed +0 pair of gloves (worn)
 M - a cursed +1 buckler (worn)
Jewellery
 a - the cursed amulet "Gull" (around neck) {Reflect rElec SH+3}
   (You bought it in a shop on level 6 of the Dungeon)

   [amulet of reflection]

   It shields you and reflects attacks.
   It insulates you from electricity.
   It affects your SH (+3).
   It has a curse placed upon it.
 q - an uncursed ring of resist corrosion
 x - an uncursed ring of ice
 G - a ring of wizardry (right hand)
 W - a ring of stealth (left hand)
Wands
 c - a wand of polymorph (15/24)
 d - a wand of enslavement (5/24)
 k - a wand of confusion (5/48)
 o - a wand of paralysis (10/24)
 t - a wand of lightning (10/15)
 u - a wand of flame (0/48)
 J - a wand of slowing (21/48)
 O - a wand of iceblast (11/15)
 Q - a wand of acid (3/15)
Scrolls
 e - 9 scrolls of teleportation
 g - 3 scrolls of magic mapping
 l - 5 scrolls of enchant weapon
 m - 2 scrolls of recharging
 p - 2 scrolls of amnesia
 r - 5 scrolls of identify
 s - a scroll of enchant armour
 y - 2 scrolls of fear
 A - 2 scrolls of fog
 P - 3 scrolls of blinking
 R - a scroll of remove curse
Potions
 b - 2 potions of flight
 z - 4 potions of magic
 B - 3 potions of brilliance
 C - 2 potions of curing
 D - a potion of cure mutation
 E - 2 potions of haste
 F - 4 potions of ambrosia
 T - a potion of berserk rage
 V - a potion of might
Miscellaneous
 K - a disc of storms
Comestibles
 f - 16 bread rations
 v - 9 meat rations
 L - a slice of pizza
 N - 2 beef jerkies
 S - 21 fruits
 U - a royal jelly


   Skills:
 - Level 11.1 Fighting
   Level 1.4(10.1) Short Blades
 * Level 15.0 Long Blades
 - Level 1.7 Throwing
 - Level 8.0 Armour
 - Level 7.9(10.9) Dodging
 - Level 11.8(14.5) Stealth
 - Level 2.4(4.8) Shields
 - Level 1.0 Spellcasting
   Level 5.1 Hexes
 - Level 2.3 Charms
 - Level 3.1 Translocations
 - Level 2.2 Air Magic
 + Level 13.7 Evocations


You had 13 spell levels left.
You knew the following spells:

 Your Spells              Type           Power        Failure   Level  Hunger
a - Blink                 Tloc           N/A          6%          2    ###....
b - Repel Missiles        Chrm/Air       #.....       7%          2    ###....


Dungeon Overview and Level Annotations

Branches:
Dungeon (12/15)            Temple (0/1) D:4            Lair (6/6) D:10
  Swamp (3/4) Lair:3       Spider (3/4) Lair:2        Slime (0/5) Lair:5
    Orc (2/2) D:10            Elf (0/3) Orc:2

Altars:
Ashenzari
Elyvilon
Fedhas
Gozag
Okawaru
Qazlal
Ru
Trog
Vehumet
The Shining One
Beogh
Jiyva

Shops:
D:6 =   D:11 ?   D:12 [   Orc:2 *[=(

Annotations:
Lair:6 exclusion: door


Innate Abilities, Weirdness & Mutations

You have very sharp fingernails.
You are partially covered in iridescent scales. (AC +2)
You are completely attuned to the shadows.
You are completely covered in sharp spines.
You have a beak for a mouth.
You have large cloven feet.
You are agile. (Dex +2)
Your mind is acute. (Int +2)
Your flesh is heat resistant. (rF+)
Your system is resistant to poisons. (rPois)


Message History

* * * LOW HITPOINT WARNING * * *
The demonic crawler hits you but does no damage.
You struggle to detach yourself from the web.
You feel very sick.
The jumping spider leaps!
The demonic crawler is struck by your spines.
The demonic crawler hits you but does no damage. x2
The demonic crawler misses you.
You struggle to detach yourself from the web.
You feel very sick. The jumping spider pounces on you!
* * * LOW HITPOINT WARNING * * *
The jumping spider bites you but does no damage.
The demonic crawler hits you but does no damage.
The demonic crawler hits you!
* * * LOW HITPOINT WARNING * * *
The demonic crawler hits you.
* * * LOW HITPOINT WARNING * * *
The jumping spider pounces on you!
You die...

,*,
#..#.^#...^.^, *
,* **≈ , *,*
,#..#....^###.,
∆ , ≈ , *
#..#.#.....##*
,* * ,, , ,
,*,,##≈.#....^**
* , ,* ,
.####.#... ,,**,
, *,, ** ≈**
....†##.#., * **
,<, *≈*
*..##..#{# , *
,, **, *
,.....###, , ≈ ,
, ,,,, ∆
,.#..@s^#, ** ,
*,*, , ,
#.##s... ***≈≈ *
≈* ** * ##
,.#s#,, *** * *
*,,* ,,,..^#,, ,
* * * ** ,#..*,
*,, *, , ** ,
**, ,* * ,, ,* ,
* < *** , * * *
** * , *


You could see a demonic crawler, an orb spider and a jumping spider.

Vanquished Creatures
  Arachne (Spider:2)
  Jorgrun (Swamp:3)
  Rupert (Orc:2)
  Frances (Spider:2)
  Kirke (Swamp:3)
  Donald (Swamp:3)
  A fire giant (Orc:1)
  2 orc warlords (Orc:2)
  A ghost moth (Spider:1)
  Louise (Spider:2)
  A reaper (IceCv)
  An entropy weaver (Spider:1)
  Josephine (Swamp:1)
  A fire dragon (shapeshifter) (Swamp:2)
  13 hydras
  A catoblepas (Lair:6)
  The ghost of Frank the Basher, a journeyman GrGl of the Shining One (D:10)
  A death knight (D:12)
  An alligator (Swamp:1)
  2 orc high priests
  Urug (Orc:2)
  A death yak (Lair:6)
  Nergalle (Orc:2)
  Sonja (Lair:4)
  An unseen horror (D:11)
  2 spriggan druids (Swamp:3)
  3 shambling mangroves
  2 swamp dragons (Swamp:1)
  3 orc knights
  A wizard (Lair:6)
  17 hill giants
  12 orb spiders
  9 wolf spiders
  2 orc sorcerers
  A moth of wrath (Spider:1)
  5 ugly things
  An oklob plant (Lair:6)
  5 cyclopes
  The ghost of equalderp2856 the Gouger, a novice FeFi (D:8)
  4 centaur zombies
  10 elephants
  2 ice statues (IceCv)
  Maurice (D:8)
  A black mamba (Lair:2)
  A gargoyle (D:10)
  2 torpor snails (Lair:6)
  16 spiny frogs
  A yaktaur (shapeshifter) (Lair:4)
  9 komodo dragons
  2 freezing wraiths (D:12)
  7 rime drakes
  10 ice devils
  A demonic crawler (Spider:2)
  12 jumping spiders
  4 trolls
  A meliai (shapeshifter) (Lair:4)
  A jumping spider (shapeshifter) (Lair:6)
  3 polar bears
  A tyrant leech (Swamp:2)
  13 hornets
  3 two-headed ogres
  8 slime creatures (Swamp:3)
  12 blink frogs
  7 hippogriffs
  4 bog bodies
  7 dream sheep (Lair:6)
  2 shadows (D:12)
  30 redbacks
  10 spriggans
  14 wraiths
  2 wyverns (Lair:3)
  3 hogs
  12 tarantellas
  34 yaks
  A hungry ghost (D:7)
  4 fire bats (Orc:1)
  4 basilisks
  A steam dragon (D:7)
  12 vampire mosquitoes
  Menkaure (D:7)
  13 swamp worms
  Edmund (D:4)
  6 insubstantial wisps
  4 wargs
  A soldier ant (D:12)
  2 porcupines
  13 water moccasins
  29 orc warriors
  5 swamp drakes
  3 ice beasts
  A sky beast (D:12)
  A black bear (D:11)
  4 phantoms
  A hornet zombie (D:9)
  A necrophage (D:10)
  12 ogres
  6 wolves
  7 centaurs
  16 crocodiles
  4 big kobolds
  A gnoll sergeant (D:9)
  15 bullfrogs
  2 scorpions
  13 killer bees
  An electric eel (Lair:3)
  5 howler monkeys
  2 jellies
  2 bullfrog zombies
  10 hounds
  13 orc priests
  24 orc wizards
  A centaur skeleton (D:10)
  3 bullfrog skeletons
  6 iguanas
  8 worker ants
  A hound zombie (D:10)
  A hound skeleton (D:4)
  13 mummies (Ossuary)
  2 howler monkey zombies
  3 gnolls (D:9)
  13 adders
  A shadow imp (D:10)
  6 white imps (IceCv)
  7 ufetubi (IceCv)
  An ooze (D:1)
  2 adder skeletons
  4 worms (D:2)
  A dart slug (D:3)
  5 leopard geckos
  74 orcs
  7 bats
  5 giant cockroaches
  7 goblins
  A hobgoblin (shapeshifter) (Orc:1)
  3 hobgoblins
  9 jackals
  29 kobolds
  5 quokkas
  2 frilled lizards
  4 gnoll skeletons (Ossuary)
  A goblin skeleton (Ossuary)
  A jackal skeleton (D:5)
  3 kobold skeletons (Ossuary)
  A kobold zombie (D:6)
  A quokka zombie (D:6)
  7 rats
  11 rat skeletons (Ossuary)
  A fire vortex (Orc:1)
  2 fungi (Lair:6)
  2 plants (Lair:6)
848 creatures vanquished.

Vanquished Creatures (collateral kills)
  An entropy weaver (Spider:1)
  An orb spider (Spider:1)
  3 redbacks (Spider:1)
  A vampire mosquito (Swamp:2)
6 creatures vanquished.

Vanquished Creatures (others)
  A hill giant (Orc:1)
  A wind drake (Lair:4)
  3 white imps (IceCv)
  6 ufetubi (IceCv)
  An orc (Orc:1)
  A bush (Lair:6)
  11 fungi
  11 plants
35 creatures vanquished.

Grand Total: 889 creatures vanquished

Notes
Turn   | Place    | Note
-------+----------+-------------------------------------------
     0 | D:1      | sveltemanboy the Demonspawn Gladiator began the quest for the Orb.
     0 | D:1      | Reached XP level 1. HP: 16/16 MP: 1/1
   274 | D:1      | Reached skill level 3 in Long Blades
   359 | D:1      | Gained mutation: You are slightly more attuned to the shadows. [demonic ancestry]
   359 | D:1      | Reached XP level 2. HP: 22/22 MP: 2/2
   696 | D:2      | Reached skill level 1 in Stealth
   706 | D:2      | Reached skill level 1 in Armour
   706 | D:2      | Reached XP level 3. HP: 24/27 MP: 3/3
  1497 | D:3      | Reached XP level 4. HP: 33/33 MP: 4/4
  1513 | D:3      | Reached skill level 1 in Short Blades
  1612 | D:3      | Found a bloodstained altar of Trog.
  1802 | D:3      | Found a radiant altar of Vehumet.
  2100 | D:3      | Found a glowing golden altar of the Shining One.
  2455 | D:3      | Found a shattered altar of Ashenzari.
  2631 | D:3      | Became a worshipper of Ashenzari the Shackled
  2886 | D:4      | Reached XP level 5. HP: 34/38 MP: 5/5
  2955 | D:4      | Noticed Edmund
  3433 | D:4      | Noticed a phantom
  3460 | D:4      | Killed a phantom
  3460 | D:4      | Gained mutation: You are significantly more attuned to the shadows. [demonic ancestry]
  3460 | D:4      | Reached XP level 6. HP: 38/44 MP: 6/6
  3566 | D:4      | Found an opulent altar of Gozag.
  3618 | D:4      | Found a staircase to the Ecumenical Temple.
  4099 | D:4      | Killed Edmund
  4099 | D:4      | Reached skill level 5 in Stealth
  4099 | D:4      | Gained mutation: You are partially covered in sharp spines. [demonic ancestry]
  4099 | D:4      | Reached XP level 7. HP: 34/50 MP: 7/7
  4232 | D:5      | Entered Level 5 of the Dungeon
  4393 | D:5      | Reached * piety under Ashenzari
  4639 | D:5      | Found a sacrificial altar of Ru.
  4774 | D:6      | Found a sand-covered staircase.
  4783 | Ossuary  | Entered an ossuary
  5051 | Ossuary  | Reached skill level 5 in Short Blades
  5138 | Ossuary  | Gained mutation: Your system is resistant to poisons. (rPois) [potion of beneficial mutation]
  5438 | D:6      | Found Cyph's Jewellery Shop.
  5496 | D:6      | Gained mutation: You are mostly covered in sharp spines. [demonic ancestry]
  5496 | D:6      | Reached XP level 8. HP: 39/56 MP: 8/8
  5741 | D:6      | Noticed an air elemental
  5742 | D:6      | Found a stormy altar of Qazlal.
  5936 | D:6      | Reached ** piety under Ashenzari
  6600 | D:7      | Noticed Menkaure
  6612 | D:7      | Killed Menkaure
  6670 | D:7      | Reached XP level 9. HP: 56/61 MP: 9/9
  6839 | D:7      | Found an iron altar of Okawaru.
  7112 | D:7      | Found a blossoming altar of Fedhas.
  7112 | D:7      | Found a white marble altar of Elyvilon.
  7364 | D:8      | Noticed equalderp2856's ghost (novice FeFi)
  7379 | D:8      | Killed equalderp2856's ghost
  7893 | D:8      | Noticed Maurice
  7920 | D:8      | Killed Maurice
  8488 | D:9      | Found a glowing golden altar of the Shining One.
  8648 | D:9      | Noticed a white ugly thing
  8650 | D:9      | Killed a white ugly thing
  8713 | D:9      | Gained mutation: You are completely attuned to the shadows. [demonic ancestry]
  8713 | D:9      | Reached XP level 10. HP: 51/67 MP: 10/10
  9181 | D:10     | Entered Level 10 of the Dungeon
  9298 | D:10     | Noticed a hill giant
  9302 | D:10     | Killed a hill giant
  9303 | D:10     | Noticed Frank's ghost (journeyman GrGl)
  9505 | D:10     | Reached *** piety under Ashenzari
  9548 | D:10     | Noticed a hill giant
 10006 | D:10     | Found a staircase to the Orcish Mines.
 10066 | D:10     | Reached skill level 10 in Short Blades
 10091 | D:10     | Noticed a hill giant
 10137 | D:10     | Killed a hill giant
 10257 | D:10     | Found a staircase to the Lair.
 10304 | D:10     | Noticed a gargoyle
 10310 | D:10     | Killed a gargoyle
 10347 | D:10     | Killed a hill giant
 10499 | D:10     | Learned a level 2 spell: Blink
 10519 | D:10     | Killed Frank's ghost
 10519 | D:10     | Reached skill level 1 in Spellcasting
 10519 | D:10     | Reached skill level 1 in Translocations
 10644 | D:10     | Identified a scroll of acquirement
 10648 | D:10     | Gained mutation: You have sharp fingernails. [demonic ancestry]
 10648 | D:10     | Reached XP level 11. HP: 73/73 MP: 12/12
 10698 | D:11     | Learned a level 2 spell: Repel Missiles
 10821 | D:11     | Identified the cursed +1 chain mail of the Prince of Darkness {MR+ Regen+ Str-4 Dex+4} (You found it on level 4 of the Dungeon)
 10848 | D:11     | Noticed a purple ugly thing
 10860 | D:11     | Killed a purple ugly thing
 11083 | D:11     | Reached skill level 1 in Charms
 11083 | D:11     | Reached skill level 1 in Air Magic
 11368 | D:11     | Noticed an unseen horror
 11378 | D:11     | Killed an unseen horror
 11488 | D:11     | Noticed a purple ugly thing
 11491 | D:11     | Killed a purple ugly thing
 11491 | D:11     | Reached skill level 5 in Fighting
 11491 | D:11     | Reached skill level 1 in Evocations
 11516 | D:11     | Found Mixim's Magic Scroll Boutique.
 11648 | D:12     | Identified the +3 hunting sling of Qitextoto {freeze, rElec rF++ Str-5 Dex+2}
 11680 | D:12     | Reached **** piety under Ashenzari
 11846 | D:12     | Found Qozuu's Antique Armour Shop.
 12232 | D:6      | Bought the amulet "Gull" {Reflect rElec SH+3} for 546 gold pieces
 12430 | Lair:1   | Entered Level 1 of the Lair of Beasts
 12489 | Lair:1   | Noticed a four-headed hydra
 12493 | Lair:1   | Killed a four-headed hydra
 12972 | Lair:1   | Reached skill level 10 in Stealth
 13190 | Lair:1   | Reached ***** piety under Ashenzari
 13516 | Lair:2   | Noticed a five-headed hydra
 13520 | Lair:2   | Killed a five-headed hydra
 13520 | Lair:2   | Reached XP level 12. HP: 86/86 MP: 15/15
 13537 | Lair:2   | Reached skill level 5 in Evocations
 13712 | Lair:2   | Learned a level 1 spell: Confusing Touch
 13773 | Lair:2   | Reached skill level 1 in Hexes
 13984 | Lair:2   | Found a hole to the Spider Nest.
 14391 | Lair:3   | Found a staircase to the Swamp.
 15615 | Lair:4   | Reached ****** piety under Ashenzari
 15825 | Lair:4   | Noticed Sonja
 15832 | Lair:4   | Killed Sonja
 15933 | Lair:4   | Reached skill level 5 in Hexes
 16882 | Lair:4   | Gained mutation: You have very sharp fingernails. [demonic ancestry]
 16882 | Lair:4   | Reached XP level 13. HP: 81/91 MP: 17/19
 17016 | Lair:5   | Found a frozen archway.
 17037 | IceCv    | Entered an ice cave
 17834 | IceCv    | Identified a +2 pair of boots of running
 18169 | IceCv    | Noticed a reaper
 18174 | IceCv    | Identified the amulet of Qomaxap {Faith rElec rC+ Int+8 Dex-5}
 18176 | IceCv    | Killed a reaper
 18176 | IceCv    | Reached skill level 10 in Evocations
 18550 | Lair:5   | Found a viscous altar of Jiyva.
 18550 | Lair:5   | Found a staircase to the Slime Pits.
 19225 | Lair:6   | Entered Level 6 of the Lair of Beasts
 20734 | Lair:6   | Gained mutation: You are completely covered in sharp spines. [demonic ancestry]
 20734 | Lair:6   | Reached XP level 14. HP: 53/98 MP: 23/23
 21435 | Lair:6   | Reached skill level 5 in Armour
 21592 | Lair:6   | Found a blossoming altar of Fedhas.
 21607 | Lair:6   | Reached skill level 5 in Dodging
 22305 | Orc:1    | Entered Level 1 of the Orcish Mines
 23392 | Orc:1    | Noticed a fire giant
 23465 | Orc:1    | Identified the cursed +2 quarterstaff of the Dark Horse {freeze, Str+7}
 23521 | Orc:1    | Killed a fire giant
 23615 | Orc:1    | Identified the +10 arbalest "Sarcophage" {freeze, Int+2}
 23750 | Orc:2    | Entered Level 2 of the Orcish Mines
 23750 | Orc:2    | Found a roughly hewn altar of Beogh.
 23901 | Orc:2    | Noticed an orc warlord
 24077 | Orc:2    | Killed an orc warlord
 24220 | Orc:2    | Noticed Rupert
 24223 | Orc:2    | Killed Rupert
 24304 | Orc:2    | Noticed an orc warlord
 24326 | Orc:2    | Killed an orc warlord
 24649 | Orc:2    | Noticed Nergalle
 24650 | Orc:2    | Found a roughly hewn altar of Beogh.
 25002 | Orc:2    | Found a staircase to the Elven Halls.
 25134 | Orc:2    | Noticed Urug
 25145 | Orc:2    | Killed Urug
 25335 | Orc:2    | Found Wofoesia's General Store.
 25358 | Orc:2    | Found Wifoic's Antique Armour Shop.
 25392 | Orc:2    | Killed Nergalle
 25428 | Orc:2    | Found Heexoeck's Antique Weapon Shop.
 25444 | Orc:2    | Found Latwed's Jewellery Shop.
 25695 | Orc:1    | Gained mutation: You are partially covered in iridescent scales. (AC +2) [demonic ancestry]
 25695 | Orc:1    | Reached XP level 15. HP: 112/112 MP: 24/24
 26773 | D:12     | Reached skill level 4 in Long Blades
 26950 | D:12     | Reduced skill Short Blades to level 10
 26950 | D:12     | Reached skill level 5 in Long Blades
 27306 | Swamp:1  | Entered Level 1 of the Swamp
 27328 | Swamp:1  | Reached skill level 6 in Long Blades
 27424 | Swamp:1  | Reached skill level 7 in Long Blades
 27438 | Swamp:1  | Gained mutation: You have large cloven feet. [potion of mutation]
 27438 | Swamp:1  | Gained mutation: You have a beak for a mouth. [potion of mutation]
 27438 | Swamp:1  | Gained mutation: You are agile. (Dex +2) [potion of mutation]
 27439 | Swamp:1  | Lost mutation: You are agile. (Dex +2) [potion of mutation]
 27439 | Swamp:1  | Gained mutation: You are agile. (Dex +2) [potion of mutation]
 27439 | Swamp:1  | Gained mutation: Your mind is acute. (Int +2) [potion of mutation]
 27440 | Swamp:1  | Gained mutation: Your flesh is heat resistant. (rF+) [potion of mutation]
 27460 | Swamp:1  | Noticed Josephine
 27486 | Swamp:1  | Killed Josephine
 27497 | Swamp:1  | Reached skill level 8 in Long Blades
 27750 | Swamp:1  | Reached skill level 9 in Long Blades
 28114 | Swamp:1  | Reached skill level 10 in Long Blades
 28135 | Swamp:1  | Reached skill level 10 in Fighting
 29632 | Swamp:3  | Noticed Kirke
 29713 | Swamp:3  | Killed Kirke
 29713 | Swamp:3  | Reached skill level 11 in Long Blades
 30243 | Swamp:3  | Noticed Jorgrun
 30247 | Swamp:3  | Killed Jorgrun
 30247 | Swamp:3  | Reached skill level 12 in Long Blades
 30521 | Swamp:3  | Noticed Donald
 30551 | Swamp:3  | Killed Donald
 30551 | Swamp:3  | Reduced skill Short Blades to level 5
 30712 | Swamp:3  | Reached XP level 16. HP: 124/124 MP: 25/25
 30972 | Spider:1 | Entered Level 1 of the Spider Nest
 31122 | Spider:1 | Reached skill level 13 in Long Blades
 31332 | Spider:1 | Reduced skill Short Blades to level 1
 31779 | Spider:1 | Reached skill level 14 in Long Blades
 33315 | Spider:2 | Noticed Arachne
 33344 | Spider:2 | Killed Arachne
 33361 | Spider:2 | Noticed Frances
 33373 | Spider:2 | Killed Frances
 33555 | Spider:2 | Noticed Louise
 33592 | Spider:2 | Killed Louise
 33718 | Spider:3 | Reached skill level 15 in Long Blades
 33723 | Spider:3 | HP: 3/125 [demonic crawler (6)]
 33723 | Spider:3 | Mangled by a jumping spider

Skill      XL: |  1  2  3  4  5  6  7  8  9 10 11 12 13 14 15 16 |
---------------+-------------------------------------------------+-----
Long Blades    | 3 12 15 | 15.0
Stealth        | 1 2 3 4 5 6 8 9 10 11 | 11.8
Armour         | 1 3 4 7 8 |  8.0
Short Blades   | 2 3 4 5 7 9 11 5 1 |  1.4
Dodging        | 3 4 7 |  7.9
Shields        | 2 |  2.4
Spellcasting   | 1 |  1.0
Translocations | 1 3 |  3.1
Fighting       | 5 8 10 11 | 11.1
Charms         | 2 |  2.3
Air Magic      | 2 |  2.2
Evocations     | 4 8 13 | 13.7
Hexes          | 5 |  5.1
Throwing       | |  1.7

Action                   |  1- 3 |  4- 6 |  7- 9 | 10-12 | 13-15 | 16-18 || total
-------------------------+-------+-------+-------+-------+-------+-------++-------
Melee: Long sword        |    57 |       |       |       |       |       ||    57
       Rapier            |    12 |   136 |   231 |   519 |  1364 |       ||  2262
       Dagger            |     7 |       |       |       |       |       ||     7
       Peck              |       |       |       |       |    92 |   107 ||   199
       Demon blade       |       |       |       |       |    42 |   358 ||   400
Throw: Throwing net      |     4 |     3 |     3 |       |     1 |       ||    11
 Cast: Repel Missiles    |       |       |       |     1 |     2 |       ||     3
       Confusing Touch   |       |       |       |     1 |       |       ||     1
Invok: Curse Item        |       |     1 |     2 |     3 |     3 |       ||     9
       Transfer Knowledg |       |       |       |       |     2 |     1 ||     3
Evoke: Wand              |       |       |       |    18 |    25 |    20 ||    63
  Use: Scroll            |       |       |    12 |    17 |    11 |       ||    40
       Potion            |       |       |     4 |     6 |    12 |     1 ||    23
 Stab: Sleeping          |     7 |     7 |    24 |    65 |    65 |    14 ||   182
       Held in net/web   |     2 |     1 |     3 |       |       |       ||     6
       Distracted        |       |     3 |     5 |     5 |    14 |     4 ||    31
       Invisible         |       |       |     1 |       |       |       ||     1
       Paralysed         |       |       |       |     4 |     5 |       ||     9
       Confused          |       |       |       |     1 |     8 |     2 ||    11
       Petrifying        |       |       |       |       |    12 |       ||    12
       Petrified         |       |       |       |       |     2 |       ||     2
  Eat: Chunk             |     2 |     8 |    12 |    26 |    36 |     8 ||    92
       Meat ration       |       |       |     1 |       |       |       ||     1
       Fruit             |       |       |       |     1 |     2 |       ||     3
       Beef jerky        |       |       |       |       |     2 |       ||     2
       Royal jelly       |       |       |       |       |     1 |       ||     1
       Pizza             |       |       |       |       |     3 |     1 ||     4
Armor: Leather armour    |    17 |    28 |    34 |    46 |    51 |       ||   176
       Troll leather arm |       |       |       |       |   114 |    62 ||   176
Dodge: Dodged            |    37 |    75 |   103 |   167 |   498 |   219 ||  1099
       Deflected         |       |       |       |     1 |     2 |       ||     3
Block: Buckler           |       |       |       |    72 |   382 |   139 ||   593
       Reflection        |       |       |       |       |     6 |     3 ||     9
       Rpst.: Long sword |    11 |       |       |       |       |       ||    11
       Demon blade       |       |       |       |       |     6 |    51 ||    57
